 Dungeon Crawl Stone Soup version 0.31-a0-750-gfe7b580527 (webtiles) character file.

Game seed: 8702866227815511473

68867 mopl the Polluter (level 15, -2/120 HPs)
             Began as a Formicid Venom Mage on Sept 13, 2023.
             Was the Champion of Cheibriados.
             Slain by a cane toad (18 damage)
             ... on level 3 of the Lair of Beasts on Sept 14, 2023.
             The game lasted 00:53:38 (17316 turns).

mopl the Polluter (Formicid Venom Mage)            Turns: 17316, Time: 00:53:39

Health: -2/120     AC: 22    Str: 24    XL:     15   Next: 71%
Magic:  24/24      EV: 19    Int: 37    God:    Cheibriados [******]
Gold:   1467       SH:  0    Dex: 33    Spells: 11/22 levels left

rFire   . . .        a - +2 dire flail (drain)
rCold   + . .        (no shield)
rNeg    + . .        v - +7 chain mail "Wonot" {rC+ Dex+4 SInv}
rPois   .            (helmet unavailable)
rElec   .            H - +0 cloak {rCorr}
rCorr   +            (no gloves)
SInv    +            d - +0 pair of boots
Will    +++..        l - amulet of magic regeneration
Stlth   +            t - ring of the Mantidfly {rN+ Will++ Str-4 SInv}
HPRegen 0.40/turn    W - ring of resist corrosion
MPRegen 0.59/turn

%: no passive effects
@: lethally poisoned (-2 -> -8), very slow
A: permanent stasis, dig shafts and tunnels, antennae 3, four strong arms
a: Dig, Shaft Self, Renounce Religion, Bend Time, Temporal Distortion, Slouch,
Step From Time


You were on level 3 of the Lair of Beasts.
You worshipped Cheibriados.
Cheibriados was exalted by your worship.
You visited 3 branches of the dungeon, and saw 21 of its levels.
You also visited: Volcano.

You collected 1915 gold pieces.
You spent 448 gold pieces at shops.

Inventory:

Hand Weapons
 a - a +2 dire flail of draining (weapon)
 b - a +1 broad axe of flaming
 G - a +1 bardiche of venom
Missiles
 f - 5 throwing nets
 I - a curare-tipped dart
Armour
 d - a +0 pair of boots (worn)
 v - the +7 chain mail "Wonot" (worn) {rC+ Dex+4 SInv}
   (You found it on level 11 of the Dungeon)

   Dex+4:     It affects your dexterity (+4).
   rC+:       It protects you from cold.
   SInv:      It lets you see invisible.
 H - a +0 cloak of preservation (worn)
Magical Staves
 J - a staff of poison
Jewellery
 h - a ring of magical power
 l - an amulet of magic regeneration (around neck)
 p - a ring of willpower
 t - the ring of the Mantidfly (left hand) {rN+ Will++ Str-4 SInv}
   (You found it on level 5 of the Dungeon)

   [ring of positive energy]

   Str-4:     It affects your strength (-4).
   rN+:       It protects you from negative energy.
   Will++:    It greatly increases your willpower.
   SInv:      It lets you see invisible.
 V - an amulet of reflection
 W - a ring of resist corrosion (right hand)
 X - a ring of protection from cold
 Y - a ring of fire
Wands
 n - a wand of polymorph (6)
 s - a wand of paralysis (5)
 x - a wand of mindburst (17)
 y - a wand of light (3)
 N - a wand of flame (41)
 Q - a wand of digging (12)
 Z - a wand of roots (7)
Scrolls
 g - 3 scrolls of noise {unknown}
 j - a scroll of revelation {unknown}
 m - a scroll of silence {unknown}
 o - 5 scrolls of amnesia {unknown}
 r - 5 scrolls of enchant weapon {unknown}
 u - 2 scrolls of fear {unknown}
 z - 2 scrolls of poison {unknown}
 A - 3 scrolls of fog {unknown}
 M - 2 scrolls of blinking {unknown}
 R - a scroll of enchant armour {unknown}
 S - 2 scrolls of immolation {unknown}
Potions
 c - a potion of invisibility
 e - a potion of attraction
 i - 7 potions of brilliance
 k - 9 potions of curing
 q - 3 potions of might
 w - 3 potions of enlightenment
 B - 4 potions of lignification {!q}
 C - 3 potions of magic
 K - a potion of berserk rage {unknown}
 L - 3 potions of resistance
 T - 2 potions of heal wounds


   Skills:
 + Level 11.7 Fighting
 + Level 11.7 Armour
 + Level 10.1 Dodging
 - Level 2.4 Stealth
 - Level 4.0 Spellcasting
 - Level 5.0 Transmutations
 + Level 16.2 Poison Magic
 + Level 12.4 Invocations
 + Level 10.8 Evocations


You had 11 spell levels left.
You knew the following spells:

 Your Spells              Type           Power      Damage    Failure   Level
a - Sting                 Tmut/Pois      100%       1d8       1%          1
c - Mephitic Cloud        Conj/Pois/Air  47%        N/A       5%          3
g - Ignite Poison         Fire/Tmut/Pois 56%        N/A       2%          3
o - Olgreb's Toxic Radia  Pois           91%        N/A       1%          4

Your spell library contained the following spells:

 Spells                   Type           Power      Damage    Failure   Level
 Poisonous Vapours        Pois/Air       100%       N/A       1%          2
 Cigotuvi's Dreadful Rot  Necr/Pois/Air  94%        N/A       2%          2
 Magic Dart               Conj           28%        1d4       16%         1
 Call Imp                 Summ           14%        N/A       24%         2
 Inner Flame              Hex/Fire       7%         N/A       43%         3
 Dispel Undead            Necr           7%         3d8       83%         4
 Flame Wave               Conj/Fire      7%         2d5       83%         4
 Sticky Flame             Conj/Fire      7%         2d3       83%         4
 Death Channel            Necr           3%         N/A       100%        6
 Discord                  Hex            3%         N/A       100%        8
 Ignition                 Fire           3%         3d4       100%        8


Dungeon Overview and Level Annotations

Branches:
Dungeon (14/15)            Temple (0/1) D:6            Lair (5/5) D:11
 Shoals (0/4) Lair:2          Orc (2/2) D:12            Elf (0/3) Orc:2
Volcano (visited)
  Snake: Lair:2-3    Spider: Lair:2-3     Slime: Lair:4-5    Vaults: D:13-14

Altars:
Ashenzari
Cheibriados
Elyvilon
Gozag
Hepliaklqana
Kikubaaqudgha
Makhleb
Nemelex Xobeh
Okawaru
Qazlal
Trog
Uskayaw
Wu Jian
Xom
Yredelemnul
Zin
Lugonu

Shops:
D:4 =   D:6 [   D:8 (   Orc:2 (*[(!(

Portals:
Abyss: Orc:1

Annotations:
D:3 3 runed translucent doors, WhatIsLove's ghost, amateur DrSh
D:7 rF
D:11 3 runed translucent doors, MrCrawl's ghost, journeyman TeFE; Vorhees's ghost, journeyman OpSh


Innate Abilities, Weirdness & Mutations

You cannot be hasted, slowed, berserked, paralysed or teleported.
You can dig through walls and to a lower floor.
You have a pair of large antennae on your head. (SInv)
Your four strong arms can wield two-handed weapons with a shield.


Message History

The cane toad is heavily wounded.
The cane toad stings you but does no damage.
The cane toad stings you.
You completely miss the cane toad.
The cane toad is heavily wounded.
The cane toad barely misses you.
You hit the cane toad but do no damage. You drain the cane toad.
The cane toad is severely wounded.
The cane toad stings you.
You sock the cane toad!
The cane toad is moderately wounded.
The cane toad stings you but does no damage.
The cane toad completely misses you. The cane toad misses you.
You puncture the cane toad!
The cane toad is heavily wounded.
The cane toad stings you. The cane toad closely misses you.
You barely miss the cane toad.
The cane toad is heavily wounded.
The cane toad closely misses you. The cane toad misses you.
The cane toad stings you!
* * * LOW HITPOINT WARNING * * *
The cane toad barely misses you.
You closely miss the cane toad.
The cane toad is heavily wounded.
The cane toad closely misses you.
The cane toad stings you but does no damage.
The cane toad stings you!
* * * LOW HITPOINT WARNING * * *
You thump the cane toad!
The cane toad is severely wounded.
The cane toad stings you.
* * * LOW HITPOINT WARNING * * *
You are poisoned.
The cane toad poisons you! The cane toad barely misses you. x2
Unknown command.
You closely miss the cane toad.
The cane toad is severely wounded.
You feel very sick. The cane toad stings you!!
You die...

##.#........#=..#
+.....#
#.............####.
#.......
##.######.......#..#
##......
#P.#..#.##.##......#P
.......
#....................
.
#....................
.
##...................
. #..........FF......P
.
#..###..#.##.@.......
.
#P..#..#.#.......####
##..#......##>...####.
{ ..P#.......#.....#..
# #......#.......+..
#.. #......##........
.#...<
........#.....###.
##.....
##..#.#P##....P#
......
P.########....## .
#....


You could see 2 cane toads.

Vanquished Creatures
  Saint Roka (Orc:2)
  2 orc warlords (Orc:2)
  Nessos (Lair:3)
  Fannar (D:12)
  6 hydras
  4 centaur warriors
  4 two-headed ogres
  3 death yaks (Lair:4)
  3 orc high priests
  A hell knight (Volcano)
  Nergalle (Lair:3)
  A skyshark (Lair:3)
  21 orc knights
  A deep elf pyromancer (D:14)
  5 orc sorcerers
  An ugly thing (D:11)
  A manticore (D:13)
  3 cyclopes
  5 elephants (Lair:3)
  3 black mambas
  2 gargoyles
  An unseen horror (D:10)
  6 cane toads
  Maggie (D:7)
  4 komodo dragons
  A yaktaur (Volcano)
  A kobold demonologist (D:9)
  10 trolls
  3 polar bears
  Grinder (D:5)
  8 saltlings (Orc:2)
  2 hornets
  13 blink frogs
  A wolf spider simulacrum (D:14)
  A vampire (D:13)
  A wyvern (Lair:3)
  A spriggan (Lair:3)
  A wraith (D:11)
  48 yaks
  2 basilisks
  3 steam dragons
  6 vampire mosquitoes
  4 acid dragons
  2 nagas (Lair:3)
  6 wargs
  9 water moccasins
  2 sky beasts (D:6)
  40 orc warriors
  6 black bears
  2 ice beasts
  11 ogres
  6 wolves (Lair:3)
  15 centaurs
  3 phantoms
  3 kobold brigands
  14 bullfrogs
  A gnoll sergeant (D:9)
  4 scorpions
  18 wights
  6 killer bees (D:10)
  An electric eel (Lair:1)
  3 howler monkeys
  A bullfrog zombie (D:6)
  15 orc priests
  6 hounds
  5 jellies
  2 gnoll boudas
  A water moccasin simulacrum (D:6)
  5 iguanas
  Jessica (D:2)
  20 orc wizards
  A killer bee zombie (D:6)
  A spectral howler monkey (D:6)
  19 gnolls
  6 adders
  2 shadow imps
  3 white imps
  3 worms
  94 orcs
  8 bats
  11 endoplasms
  5 giant cockroaches
  10 goblins
  10 hobgoblins
  7 jackals
  2 quokkas
  5 ball pythons
  4 frilled lizards
  9 kobolds
  5 rats
602 creatures vanquished.

Vanquished Creatures (others)
  A water moccasin (D:7)
  A lurking horror (Orc:1)
2 creatures vanquished.

Grand Total: 604 creatures vanquished

Notes
Turn   | Place    | Note
-------+----------+-------------------------------------------
     0 | D:1      | mopl the Formicid Venom Mage began the quest for the Orb.
     0 | D:1      | Reached XP level 1. HP: 13/13 MP: 3/3
   112 | D:1      | Reached XP level 2. HP: 17/19 MP: 3/5
   233 | D:1      | Reached XP level 3. HP: 17/24 MP: 2/7
   405 | D:1      | Reached skill level 3 in Spellcasting
   405 | D:1      | Reached skill level 5 in Poison Magic
   617 | D:2      | Noticed Jessica
   625 | D:2      | Killed Jessica
   626 | D:2      | Reached XP level 4. HP: 25/30 MP: 1/8
   634 | D:2      | Reached skill level 6 in Poison Magic
   869 | D:2      | Reached XP level 5. HP: 27/35 MP: 1/9
  1196 | D:2      | Reached skill level 7 in Poison Magic
  1275 | D:2      | Found a faded altar of an unknown god.
  1539 | D:3      | Learned a level 4 spell: Olgreb's Toxic Radiance
  1543 | D:3      | Learned a level 3 spell: Ignite Poison
  1696 | D:3      | Reached XP level 6. HP: 34/41 MP: 5/10
  1791 | D:3      | Found a basalt altar of Yredelemnul.
  1794 | D:3      | Found a shimmering altar of Xom.
  1900 | D:3      | Reached skill level 2 in Transmutations
  1957 | D:3      | Noticed an ogre
  1964 | D:3      | Killed an ogre
  2082 | D:3      | Found a broken altar of Ashenzari.
  2082 | D:3      | Found an ornate altar of the Wu Jian Council.
  2145 | D:3      | Found a white marble altar of Elyvilon.
  2179 | D:3      | Found a runed translucent gate.
  2179 | D:3      | Found a runed translucent gate.
  2179 | D:3      | Found a runed translucent gate.
  2181 | D:3      | Noticed WhatIsLove's ghost (amateur DrSh)
  2211 | D:3      | Reached XP level 7. HP: 43/46 MP: 10/12
  2262 | D:3      | Reached skill level 4 in Spellcasting
  2262 | D:3      | Reached skill level 3 in Transmutations
  2310 | D:3      | Reached skill level 8 in Poison Magic
  2554 | D:4      | Found a snail-covered altar of Cheibriados.
  2564 | D:4      | Reached skill level 4 in Transmutations
  2571 | D:4      | Became a worshipper of Cheibriados the Contemplative
  2785 | D:4      | Found a bloodstained altar of Trog.
  2790 | D:4      | Reached skill level 2 in Dodging
  2790 | D:4      | Reached XP level 8. HP: 48/53 MP: 8/14
  2795 | D:4      | Reached skill level 1 in Fighting
  2795 | D:4      | Reached skill level 1 in Armour
  2795 | D:4      | Reached skill level 9 in Poison Magic
  2795 | D:4      | Reached skill level 1 in Invocations
  2884 | D:4      | Found Julaboel's Jewellery Shoppe.
  3042 | D:4      | Noticed a blizzard demon
  3043 | D:4      | Found a burning altar of Makhleb.
  3048 | D:4      | Found a glowing silver altar of Zin.
  3048 | D:4      | Noticed an angel
  3090 | D:5      | Entered Level 5 of the Dungeon
  3126 | D:5      | Reached * piety under Cheibriados
  3189 | D:5      | Reached skill level 5 in Transmutations
  3190 | D:5      | Found a sparkling altar of Nemelex Xobeh.
  3258 | D:5      | Found a hazy altar of Hepliaklqana.
  3286 | D:5      | Reached skill level 2 in Invocations
  3329 | D:5      | Identified the ring of the Mantidfly {rN+ Will++ Str-4
                  | SInv}
  3357 | D:5      | Found an opulent altar of Gozag.
  3559 | D:6      | Noticed Grinder
  3563 | D:6      | Reached skill level 2 in Fighting
  3563 | D:6      | Reached skill level 2 in Armour
  3569 | D:6      | Reached skill level 3 in Dodging
  3569 | D:6      | Reached skill level 3 in Invocations
  3569 | D:6      | Reached XP level 9. HP: 50/62 MP: 2/15
  3590 | D:5      | Killed Grinder
  3591 | D:5      | Reached skill level 3 in Fighting
  3591 | D:5      | Reached skill level 3 in Armour
  3835 | D:6      | Found Kiarghis's Antique Armour Shop.
  3851 | D:6      | Reached skill level 10 in Poison Magic
  3863 | D:6      | Reached skill level 4 in Invocations
  4047 | D:6      | Reached ** piety under Cheibriados
  4062 | D:6      | Found a staircase to the Ecumenical Temple.
  4130 | D:6      | Reached skill level 1 in Evocations
  4140 | D:6      | Reached skill level 4 in Fighting
  4146 | D:6      | You fall into a shaft and drop 1 floor!
  4315 | D:7      | Found a hide-covered altar of Uskayaw.
  4326 | D:7      | Reached skill level 4 in Armour
  4326 | D:7      | Reached skill level 4 in Dodging
  4788 | D:5      | Reached skill level 2 in Evocations
  4815 | D:5      | HP: 3/64 [wight/+0 morningstar (3)]
  4827 | D:5      | HP: 3/62 [wight/+0 flail (6)]
  4829 | D:5      | Reached XP level 10. HP: 4/70 MP: 16/16
  4832 | D:5      | Reached skill level 5 in Invocations
  5079 | D:6      | Identified the +7 dagger "Ekhofogg" {pain, rN+ rCorr Dex-5}
  5316 | D:7      | Noticed Maggie
  5323 | D:7      | Killed Maggie
  5324 | D:7      | Reached skill level 5 in Fighting
  5324 | D:7      | Reached skill level 5 in Armour
  5324 | D:7      | Reached skill level 3 in Evocations
  5666 | D:8      | Upgraded the game from 0.31-a0-744-gbc345e7fcb to
                  | 0.31-a0-750-gfe7b580527
  5669 | D:8      | Reached skill level 11 in Poison Magic
  5670 | D:8      | Noticed a gargoyle
  5673 | D:8      | Reached *** piety under Cheibriados
  5674 | D:8      | Reached skill level 5 in Dodging
  5674 | D:8      | Noticed a centaur warrior
  5968 | D:8      | Reached skill level 6 in Invocations
  6066 | D:8      | Reached skill level 4 in Evocations
  6168 | D:7      | Learned a level 3 spell: Mephitic Cloud
  6213 | D:8      | Killed a gargoyle
  6219 | D:8      | Reached skill level 6 in Armour
  6414 | D:8      | Reached skill level 6 in Fighting
  6414 | D:8      | Reached XP level 11. HP: 52/81 MP: 9/17
  6414 | D:8      | Killed a centaur warrior
  6551 | D:8      | Reached **** piety under Cheibriados
  6571 | D:8      | Noticed a +0 giant club
  6574 | D:8      | Found Olapn's Weapon Shop.
  6576 | D:8      | Noticed a +0 rapier
  6679 | D:8      | Reached skill level 7 in Invocations
  6950 | D:9      | Noticed a two-headed ogre
  6954 | D:9      | Killed a two-headed ogre
  6955 | D:9      | Reached skill level 5 in Evocations
  7174 | D:9      | Reached skill level 6 in Dodging
  7338 | D:9      | Reached skill level 12 in Poison Magic
  7790 | D:9      | Reached skill level 7 in Fighting
  7790 | D:9      | Reached skill level 7 in Armour
  8083 | D:10     | Entered Level 10 of the Dungeon
  8094 | D:10     | Noticed a two-headed ogre
  8097 | D:10     | Killed a two-headed ogre
  8312 | D:10     | Noticed a two-headed ogre
  8318 | D:10     | Killed a two-headed ogre
  8540 | D:10     | Found a stormy altar of Qazlal.
  8635 | D:10     | Reached skill level 6 in Evocations
  8635 | D:10     | Reached ***** piety under Cheibriados
  8715 | D:10     | Reached XP level 12. HP: 91/91 MP: 10/18
  8804 | D:10     | Reached skill level 8 in Invocations
  8819 | D:10     | Found an iron altar of Okawaru.
  9065 | D:10     | Found an ancient bone altar of Kikubaaqudgha.
  9505 | D:11     | Noticed a centaur warrior
  9531 | D:11     | Killed a centaur warrior
  9617 | D:11     | Reached skill level 7 in Dodging
  9640 | D:11     | Reached skill level 8 in Fighting
  9640 | D:11     | Reached skill level 8 in Armour
  9647 | D:11     | Reached skill level 13 in Poison Magic
  9652 | D:11     | Identified the +7 chain mail "Wonot" {rC+ Dex+4 SInv}
  9899 | D:11     | Found a runed translucent gate.
  9900 | D:11     | Found a runed translucent gate.
  9900 | D:11     | Found a runed translucent gate.
  9903 | D:11     | Noticed Vorhees's ghost (journeyman OpSh)
  9903 | D:11     | Noticed MrCrawl's ghost (journeyman TeFE)
 10016 | D:11     | Found a staircase to the Lair.
 10060 | D:12     | Noticed a skeletal warrior
 10353 | D:12     | Found a staircase to the Orcish Mines.
 10405 | Orc:1    | Entered Level 1 of the Orcish Mines
 10539 | Orc:1    | Reached ****** piety under Cheibriados
 10585 | Orc:1    | Reached skill level 7 in Evocations
 10602 | Orc:1    | Noticed an orc high priest
 10607 | Orc:1    | Killed an orc high priest
 10612 | Orc:1    | Reached skill level 9 in Invocations
 10704 | Orc:1    | Reached XP level 13. HP: 78/99 MP: 13/19
 10968 | Orc:2    | Entered Level 2 of the Orcish Mines
 10970 | Orc:2    | Noticed an orc warlord
 10988 | Orc:2    | Killed an orc warlord
 10989 | Orc:2    | Reached skill level 9 in Fighting
 11237 | Orc:2    | Reached skill level 9 in Armour
 11256 | Orc:2    | Found Fevecekh's Mayhem Merchandise.
 11422 | Orc:1    | Found a one-way gate to the infinite horrors of the Abyss.
 11501 | Orc:1    | Found a corrupted altar of Lugonu.
 11582 | Orc:2    | Found a staircase to the Elven Halls.
 11587 | Orc:2    | Reached skill level 8 in Evocations
 11680 | Orc:2    | Reached skill level 8 in Dodging
 11848 | Orc:2    | Noticed Saint Roka
 11854 | Orc:2    | Reached skill level 14 in Poison Magic
 11862 | Orc:2    | Killed Saint Roka
 11863 | Orc:2    | Reached skill level 10 in Invocations
 12652 | Orc:2    | Found Xulaisur's Weapon Shoppe.
 12685 | Orc:2    | Reached XP level 14. HP: 103/109 MP: 13/21
 12688 | Orc:2    | Reached skill level 10 in Fighting
 12690 | Orc:2    | Reached skill level 10 in Armour
 12690 | Orc:2    | Reached skill level 9 in Evocations
 12714 | Orc:2    | Found Exiud's Distillery.
 12717 | Orc:2    | Found Nuemm's Antique Weapon Shoppe.
 12791 | Orc:2    | Bought a potion of degeneration for 16 gold pieces
 12791 | Orc:2    | Bought a potion of mutation for 128 gold pieces
 12792 | Orc:2    | Bought a potion of curing for 48 gold pieces
 12792 | Orc:2    | Bought a potion of heal wounds for 80 gold pieces
 12792 | Orc:2    | Bought a potion of enlightenment for 80 gold pieces
 12792 | Orc:2    | Bought 2 potions of curing for 96 gold pieces
 12812 | Orc:2    | Found Gohien's Armour Shop.
 12887 | Orc:2    | Found Puplyor's Weapon Shop.
 12992 | Orc:2    | Noticed an orc warlord
 13001 | Orc:2    | Killed an orc warlord
 13007 | Orc:2    | Reached skill level 9 in Dodging
 13007 | Orc:2    | Reached skill level 11 in Invocations
 13028 | Orc:2    | Noticed an orc warlord
 13038 | Orc:2    | Reached skill level 15 in Poison Magic
 13425 | D:12     | Noticed Fannar
 13436 | D:12     | Killed Fannar
 13442 | D:12     | You fall into a shaft and drop 2 floors!
 13651 | Lair:1   | Entered Level 1 of the Lair of Beasts
 13858 | Lair:1   | Found a dark tunnel.
 13866 | Volcano  | Entered a volcano
 14315 | Lair:1   | Reached skill level 10 in Evocations
 14562 | Lair:1   | Reached skill level 11 in Fighting
 14568 | Lair:1   | Reached XP level 15. HP: 94/118 MP: 23/23
 14915 | Lair:2   | Found a staircase to the Shoals.
 14956 | Lair:2   | Reached skill level 11 in Armour
 16368 | Lair:3   | Reached skill level 12 in Invocations
 16376 | Lair:3   | Noticed Nergalle
 16381 | Lair:3   | Killed Nergalle
 16539 | Lair:3   | You fall into a shaft and drop 2 floors!
 16539 | Lair:5   | Entered Level 5 of the Lair of Beasts
 16857 | Lair:4   | Reached skill level 16 in Poison Magic
 16883 | Lair:4   | Reached skill level 10 in Dodging
 17109 | Lair:4   | Identified the +1 whip of Woimuav {chaos, Int+5 Dex+5 SInv}
 17210 | Lair:3   | Noticed Nessos
 17215 | Lair:3   | Killed Nessos
 17316 | Lair:3   | Slain by a cane toad

Illustrated notes

Levels and vault maps discovered:
D:1:      amcnicky_arrival_wind_blow, layout_rooms, nicolae_figureground_sparkle
D:2:      layout_loops_ring, shapermc_ecumenical_altar_ellora,
          chequers_serial_rivers_micro_d, corexii_corridor_pit,
          grunt_ministairs_2, uniq_jessica
D:3:      minmay_evil_eye, layout_basic, amcnicky_altar_gilded,
          chequers_temple_overflow_statue_of_worship,
          grunt_temple_overflow_open, ebering_ghost_rock_garden
D:4:      layout_rooms, grunt_temple_overflow_order_and_chaos_2,
          cheibriados_altar_1, trog_ov_bears_minmay, serial_shops,
          nicolae_shop_competitors_out_of_business, kennysheep_flooded_box
D:5:      layout_cave_pools, nemelex_xobeh_ov_fountains_minmay,
          grunt_gozag_breadcrumbs, mainiacjoe_overflow_cross_hatched
D:6:      layout_rooms, minmay_temple_entry_junction, serial_shops, shop,
          dilly_guarded_unrand_morg, uniq_grinder
D:7:      layout_loops_ring, mainiacjoe_overflow_24_doors, lemuel_flame_loot_1,
          uniq_maggie
D:8:      cheibrodos_fzero, layout_rooms, serial_shops, nicolae_shop_mannequins,
          minmay_microvault
D:9:      layout_layer_cave
D:10:     layout_irregular_city, okawaru_trees_1, mainiacjoe_overflow_alcove_4,
          nicolae_qazlal_general_emergency, minmay_variable_closet,
          serial_bayou_crossing
D:11:     layout_roguey, grunt_lair_entry_orc_guard_hut,
          gammafunk_ghost_cemetery
D:12:     layout_loops_ring, hiddenorc2_lemuel, minmay_unpleasant_kobolds,
          uniq_fannar, uniq_jorgrun, uniq_snorg
D:13:     layout_cave_pools, david_vaults_5, zin_scriptorium
D:14:     dreamdust_isle_of_ice, layout_small_grid, minmay_misc_feat_hallway,
          minmay_checkerbox
Lair:1:   layout_cave_pods, lightli_volcano_entry_magma_tube, minivault_27,
          infiniplex_staircase_pool
Lair:2:   layout_regular_city, minmay_shoals_entry_centaurs,
          beast_lair_carwin_5, serial_bayou_shore_b
Lair:3:   layout_regular_city, minmay_snake_entry_guardpost_large,
          forest_entry_grove, grunt_megastairs_4, uniq_nessos, uniq_nergalle
Lair:4:   layout_long_grid
Lair:5:   evilmike_catoblepas_cave, layout_loops_ring,
          nicolae_slime_entry_slimehenge, serial_bayou_lagoon_b, uniq_rupert
Orc:1:    layout_diamond_mine, special_room [special_room_orc],
          amcnicky_altar_lugonu_corruption
Orc:2:    hellmonk_orc_salted, layout_caves, serial_shops, shop,
          minmay_shop_mayhem, nicolae_orc_damp_corner, minmay_orc_treasury,
          uniq_saint_roka

Skill      XL: |  1  2  3  4  5  6  7  8  9 10 11 12 13 14 15 |
---------------+----------------------------------------------+-----
Spellcasting   | 3 4 |  4.0
Poison Magic   | 5 6 7 8 9 10 11 12 13 14 15 16 | 16.2
Transmutations | 2 4 5 |  5.0
Dodging        | 2 3 4 5 6 7 8 9 10 | 10.1
Fighting       | 2 4 6 7 8 9 11 | 11.7
Armour         | 2 4 6 7 8 9 10 11 | 11.7
Invocations    | 3 4 6 7 9 10 11 12 | 12.4
Evocations     | 2 4 6 7 8 10 | 10.8
Stealth        | |  2.4

Action                     |  1- 3 |  4- 6 |  7- 9 | 10-12 | 13-15 || total
---------------------------+-------+-------+-------+-------+-------++-------
  Melee: Mace              |    31 |    31 |       |       |       ||    62
         Flail             |       |     1 |   170 |   302 |   247 ||   720
         Punch             |       |       |     4 |     6 |     7 ||    17
         Dire flail        |       |       |       |       |   208 ||   208
         Broad axe         |       |       |       |       |    49 ||    49
   Cast: Sting             |    40 |    83 |    21 |     7 |       ||   151
         Olgreb's Toxic Ra |       |     5 |    34 |    76 |   106 ||   221
         Ignite Poison     |       |       |     3 |    39 |    59 ||   101
         Mephitic Cloud    |       |       |       |     4 |    12 ||    16
 Invoke: Slouch            |       |       |       |       |     5 ||     5
         Step From Time    |       |       |       |       |     1 ||     1
Ability: Shaft Self        |       |       |     1 |       |     2 ||     3
         Dig               |       |       |       |       |     1 ||     1
  Evoke: Wand              |       |       |     5 |     4 |     8 ||    17
    Use: Potion            |       |       |     3 |     1 |     3 ||     7
         Scroll            |       |       |       |       |     8 ||     8
   Stab: Paralysed         |       |       |     5 |     6 |       ||    11
         Sleeping          |       |       |       |     1 |       ||     1
 Armour: Robe              |    28 |    48 |    73 |       |       ||   149
         Leather armour    |       |       |    92 |    34 |       ||   126
         Acid dragon scale |       |       |       |   201 |       ||   201
         Chain mail        |       |       |       |    62 |   570 ||   632
  Dodge: Dodged            |    51 |    63 |   168 |   367 |   713 ||  1362

Table legend: (Time is in decaauts)
 A = Elapsed time spent in this place.
 B = Non-inter-level travel time spent in this place.
 C = Inter-level travel time spent in this place.
 D = Time resting spent in this place.
 E = Time spent auto-exploring this place.
 F = Levels seen in this place.
 G = Mean time per level.
                   A        B        C        D        E       F      G
               +--------+--------+--------+--------+--------+-----+--------+
         Total |  25068 |  23954 |   1114 |   4107 |  13354 |  22 | 1139.5 |
       Dungeon |  14058 |  13569 |    489 |   2563 |   7833 |  14 | 1004.1 |
          Lair |   5624 |   5223 |    401 |    719 |   3372 |   5 | 1124.8 |
  Orcish Mines |   4902 |   4679 |    223 |    714 |   2031 |   2 | 2451.0 |
       Volcano |    483 |    483 |      0 |    111 |    116 |   1 |  483.0 |
               +--------+--------+--------+--------+--------+-----+--------+

Top non-repeatable levels by time:
   Orc:2: 3125 daAuts
     D:7: 1983 daAuts
     D:9: 1970 daAuts
  Lair:1: 1867 daAuts
    D:10: 1821 daAuts
   Orc:1: 1776 daAuts
  Lair:2: 1770 daAuts
    D:11: 1562 daAuts
     D:8: 1120 daAuts
  Lair:3: 1090 daAuts
     D:2: 1067 daAuts
     D:3: 1061 daAuts
     D:5: 999 daAuts
     D:6: 833 daAuts
  Lair:4: 574 daAuts
